 Dungeon Crawl Stone Soup version 0.21.1-1-g345015f (webtiles) character file.

11622 shakethe the Cleaver (level 11, -7/104 HPs)
             Began as a Minotaur Fighter on Feb 20, 2018.
             Was a High Priest of Okawaru.
             Mangled by Dioder's ghost (13 damage)
             ... on level 11 of the Dungeon.
             The game lasted 00:17:09 (10930 turns).

shakethe the Cleaver (Minotaur Fighter)            Turns: 10930, Time: 00:17:10

Health: -7/104     AC: 24    Str: 22    XL:     11   Next: 51%
Magic:  21/21      EV: 10    Int:  8    God:    Okawaru [*****.]
Gold:   678        SH:  0    Dex: 14    Spells: 10/10 levels left

rFire    + . .     SeeInvis +   T - +1 battleaxe (freeze)
rCold    + . .     Gourm    .   (shield currently unavailable)
rNeg     . . .     Faith    .   C - +1 plate armour {rPois}
rPois    +         Spirit   .   (helmet restricted)
rElec    .         Reflect  .   (no cloak)
rCorr    .         Harm     .   G - +2 pair of gloves of the Ban {rF+ rC+ Slay+2 SInv}
MR       .....                  b - +0 pair of boots
Stlth    ..........             (no amulet)
HPRegen  0.27/turn              g - ring of magical power {MP+9}
MPRegen  0.17/turn              I - +5 ring of dexterity

@: heroism, drained
A: retaliatory headbutt, horns 2
a: Heroism, Finesse, Renounce Religion


You were on level 11 of the Dungeon.
You worshipped Okawaru.
Okawaru was extremely pleased with you.
You were hungry.

You visited 2 branches of the dungeon, and saw 12 of its levels.
You also visited: Sewer.

You collected 678 gold pieces.

Inventory:

Hand Weapons
 T - a +1 battleaxe of freezing (weapon)
   (You found it on level 8 of the Dungeon)
Missiles
 Q - 3 throwing nets {=f, !d}
Armour
 b - a +0 pair of boots (worn)
   (You found it in a sewer)
 c - a +0 shield
 h - the +2 pair of gloves of the Gloaming {rC++}
   (Okawaru gifted it to you on level 10 of the Dungeon)

   It greatly protects you from cold.
 C - a +1 plate armour of poison resistance (worn)
   (You found it on level 5 of the Dungeon)
 G - the +2 pair of gloves of the Ban (worn) {rF+ rC+ Slay+2 SInv}
   (You found it in a sewer)

   It affects your accuracy and damage with ranged weapons and melee attacks
   (+2).
   It protects you from fire.
   It protects you from cold.
   It lets you see invisible.
 J - a +0 buckler
   (You found it on level 6 of the Dungeon)
Magical Staves
 y - an uncursed staff of conjuration {unknown}
   (You found it on level 4 of the Dungeon)
 Z - a cursed staff of earth {unknown}
   (You found it on level 9 of the Dungeon)
Jewellery
 g - a ring of magical power (left hand) {MP+9}
   (You found it on level 5 of the Dungeon)
 p - an uncursed ring of fire {rF+, rC-}
   (You found it on level 2 of the Dungeon)
 r - an uncursed ring of wizardry {Wiz+, !d}
   (You found it on level 2 of the Dungeon)
 I - a +5 ring of dexterity (right hand)
   (You found it on level 8 of the Dungeon)
Wands
 v - a wand of scattershot (8)
   (You found it on level 4 of the Dungeon)
 x - a wand of paralysis (11)
   (You found it on level 4 of the Dungeon)
 A - a wand of iceblast (7)
   (You found it on level 5 of the Dungeon)
 K - a wand of acid (8)
   (You found it on level 6 of the Dungeon)
Scrolls
 j - a scroll of amnesia {unknown}
 m - 4 scrolls of fear
 n - 2 scrolls of fog
 o - a scroll of enchant armour
 q - a scroll of noise {unknown}
 u - 5 scrolls of teleportation
 z - a scroll of immolation {!r}
 B - a scroll of summoning
 E - a scroll of holy word {unknown}
 F - 3 scrolls of blinking {!r}
 L - 2 scrolls of magic mapping {!r}
 M - a scroll of enchant weapon {unknown}
 N - a scroll of random uselessness {unknown}
 O - a scroll of torment {!r}
 P - a scroll of vulnerability {!r!r}
 V - 3 scrolls of remove curse
Potions
 d - a potion of might
 e - 2 potions of curing
 i - 3 potions of ambrosia
 k - 2 potions of heal wounds
 l - 2 potions of berserk rage {!q}
 s - 2 potions of agility
 t - a potion of lignification {!q}
 w - 4 potions of flight
 D - 7 potions of invisibility
 Y - a potion of brilliance {unknown}
Books
 a - a book of Frost
   (You found it on level 8 of the Dungeon)
Comestibles
 f - 21 rations


   Skills:
 + Level 12.2(17.0) Fighting
 + Level 13.1(17.8) Axes
 + Level 12.2(17.0) Armour
 - Level 4.0(8.8) Shields
 + Level 3.7(3.6) Invocations


You had 10 spell levels left.
You didn't know any spells.

Dungeon Overview and Level Annotations

Branches:
Dungeon (11/15)            Temple (1/1) D:4            Lair (0/6) D:9
    Orc (0/2) D:10

Altars:
Ashenzari
Cheibriados
Dithmenos
Elyvilon
Fedhas
Gozag
Hepliaklqana
Kikubaaqudgha
Makhleb
Nemelex Xobeh
Okawaru
Qazlal
Ru
Sif Muna
Trog
Uskayaw
Vehumet
Wu Jian
Xom
Yredelemnul
Zin
The Shining One
Jiyva

Shops:
D:6 (   D:8 (   D:10 (

Annotations:
D:11 Dioder's ghost, journeyman SpCj


Innate Abilities, Weirdness & Mutations

You reflexively headbutt those who attack you in melee.
You have a pair of horns on your head.


Message History

No target in view!
No target in view!
Done exploring.
Done exploring.
Done exploring.
A goblin skeleton comes into view.
There is a staircase to the Orcish Mines here.
The goblin skeleton is too close now for your liking.
You slice the goblin skeleton!!
You destroy the goblin skeleton!
No target in view!
No target in view!
No target in view!
No target in view!
No target in view!
No target in view!
No target in view!
No target in view!
No target in view!
No target in view!
No target in view!
No target in view!
There is a stone staircase leading down here.
As you read the scroll of identify, it crumbles to dust.
h - the +2 pair of gloves of the Gloaming {rC++}
As you read the scroll of identify, it crumbles to dust.
P - a scroll of vulnerability
As you read the scroll of identify, it crumbles to dust.
o - a scroll of enchant armour
As you read the scroll of identify, it crumbles to dust.
B - a scroll of summoning
Okay, then.
You climb downwards.
Found a stone staircase leading up.
There is a stone staircase leading up here.
Dioder's ghost (journeyman Spriggan Conjurer) comes into view.
It is wielding a weapon of electrocution.
Dioder's ghost turns its malevolent gaze towards you.
Okay, then.
You gain the combat prowess of a mighty hero.
Dioder's ghost gestures at you while chanting.
The fireball explodes!
The fireball engulfs you! You resist.
You hear an angry hiss.
You take 10 damage, and have 94/104 hp.
You now have 19/21 mp.
Dioder's ghost hits you but does no damage.
You are electrocuted!
You take 17 damage, and have 77/104 hp.
You slice Dioder's ghost!! You freeze Dioder's ghost.
Dioder's ghost hits you but does no damage.
You are electrocuted!
You take 9 damage, and have 68/104 hp.
You miss Dioder's ghost. Your headbutt misses Dioder's ghost.
You are feeling hungry.
Dioder's ghost hits you.
You take 2 damage, and have 66/104 hp.
You completely miss Dioder's ghost. Your headbutt misses Dioder's ghost.
Dioder's ghost closely misses you.
Your plate armour prevents you from hitting Dioder's ghost.
Dioder's ghost hits you but does no damage.
You are electrocuted!
You take 17 damage, and have 49/104 hp.
You completely miss Dioder's ghost. You closely miss Dioder's ghost.
Your headbutt misses Dioder's ghost.
Dioder's ghost hits you but does no damage.
You miss Dioder's ghost. Your headbutt misses Dioder's ghost.
Dioder's ghost barely misses you.
You closely miss Dioder's ghost. Your headbutt misses Dioder's ghost.
Dioder's ghost points at you and mumbles some strange words.
The orb of energy hits you!
The orb of energy explodes!
You take 9 damage, and have 41/104 hp.
You completely miss Dioder's ghost. Dioder's ghost closely misses you.
MP restored: 21 You miss Dioder's ghost.
You headbutt Dioder's ghost!
Unknown command.
You barely miss Dioder's ghost. Your headbutt misses Dioder's ghost.
Dioder's ghost casts a spell at you. The magic dart hits you!
You hit Dioder's ghost. You freeze Dioder's ghost.
Dioder's ghost hits you but does no damage.
A molten gargoyle comes into view. It is wielding a mace.
You miss Dioder's ghost.
Dioder's ghost hits you but does no damage.
You miss Dioder's ghost.
Dioder's ghost hits you but does no damage.
You completely miss Dioder's ghost. Your headbutt misses Dioder's ghost.
Your plate armour prevents you from hitting Dioder's ghost.
Your headbutt misses Dioder's ghost. Dioder's ghost casts a spell at you.
The orb of energy hits you!
* * * LOW HITPOINT WARNING * * *
You take 20 damage, and have 23/104 hp.
You completely miss Dioder's ghost.
Dioder's ghost hits you but does no damage.
You are electrocuted!
* * * LOW HITPOINT WARNING * * *
You take 17 damage, and have 6/104 hp.
You closely miss Dioder's ghost.
You hit the molten gargoyle but do no damage.
Dioder's ghost hits you but does no damage.
You are electrocuted!
You die...

### ### ###≈≈##
§≈≈### ### ≈≈..≈≈≈
#≈§§####<# §.....≈
#≈≈≈≈##.## §§≈§§..##
#≈≈≈≈≈.≈##
§≈§≈≈...####≈§...≈§8#
#≈§≈W@.##...≈≈≈.§##
##≈≈9....§§≈≈##.##
###≈§≈§§§§####<#
##§§≈§### ### ######


You could see a molten gargoyle and Dioder's ghost.

Vanquished Creatures
  A great orb of eyes (D:9)
  2 two-headed ogres
  Pikel (D:7)
  A deep elf mage (D:8)
  Psyche (D:9)
  2 centaur skeletons
  Grinder (D:3)
  A troll (D:10)
  6 hippogriffs
  A wyvern (D:9)
  A yak (D:8)
  2 hungry ghosts
  A steam dragon (D:8)
  2 ice beasts
  A black bear (D:10)
  3 orc warriors
  2 slaves
  5 sky beasts
  6 phantoms
  5 ogres
  2 centaurs
  7 bullfrogs
  5 scorpions
  10 killer bees
  A troll zombie (D:10)
  4 wights (D:8)
  4 howler monkeys
  A bullfrog zombie (D:8)
  7 crimson imps
  A quasit (D:9)
  5 orc priests
  4 jellies (D:8)
  10 orc wizards
  7 bullfrog skeletons
  2 gnoll shamans
  7 hounds
  5 worker ants
  A killer bee zombie (D:8)
  5 ogre zombies (D:10)
  A hound zombie (D:5)
  3 hound skeletons
  2 howler monkey zombies
  Robin (D:2)
  11 gnolls
  A howler monkey skeleton (D:7)
  A river rat (D:6)
  14 adders
  2 shadow imps
  9 oozes
  4 adder skeletons
  An adder zombie (D:8)
  4 worms
  2 dart slugs
  7 leopard geckos
  31 orcs
  6 ball pythons
  8 giant cockroaches
  12 goblins
  9 hobgoblins
  19 jackals
  11 kobolds
  5 quokkas
  10 bats
  2 frilled lizards (D:2)
  A goblin skeleton (D:10)
  2 goblin zombies (D:10)
  2 hobgoblin skeletons (D:10)
  2 hobgoblin zombies (D:10)
  A jackal skeleton (D:4)
  2 orc skeletons (D:10)
  10 orc zombies (D:10)
  2 quokka skeletons
  A quokka zombie (D:8)
  12 rats
  10 bushes (D:1)
  10 plants (D:1)
364 creatures vanquished.

Vanquished Creatures (others)
  A slave (D:7)
  A bullfrog (D:7)
  A gnoll (D:7)
3 creatures vanquished.

Grand Total: 367 creatures vanquished

Notes
Turn   | Place    | Note
-------+----------+-------------------------------------------
     0 | D:1      | shakethe the Minotaur Fighter began the quest for the Orb.
     0 | D:1      | Reached XP level 1. HP: 19/19 MP: 0/0
   401 | D:1      | Reached skill level 3 in Axes
   401 | D:1      | Reached XP level 2. HP: 23/27 MP: 1/1
  1024 | D:2      | Reached skill level 4 in Fighting
  1024 | D:2      | Reached skill level 4 in Armour
  1047 | D:2      | Reached XP level 3. HP: 30/33 MP: 2/2
  1135 | D:2      | Found a deep blue altar of Sif Muna.
  1342 | D:2      | Reached skill level 4 in Axes
  1416 | D:2      | Noticed Robin
  1422 | D:2      | Reached XP level 4. HP: 30/40 MP: 3/3
  1434 | D:2      | Killed Robin
  1713 | D:2      | Found a radiant altar of Vehumet.
  2155 | D:3      | Noticed Grinder
  2158 | D:3      | Reached XP level 5. HP: 45/47 MP: 4/4
  2167 | D:3      | Killed Grinder
  2167 | D:3      | Reached skill level 5 in Fighting
  2167 | D:3      | Reached skill level 6 in Axes
  2167 | D:3      | Reached skill level 5 in Armour
  2167 | D:3      | Reached XP level 6. HP: 37/56 MP: 5/5
  2616 | D:3      | Found a shimmering altar of Xom.
  2883 | D:4      | Found a stormy altar of Qazlal.
  2883 | D:4      | Noticed a slave
  2918 | D:4      | Noticed a slave
  2925 | D:4      | Killed a slave
  2980 | D:4      | Reached XP level 7. HP: 17/62 MP: 6/6
  3211 | D:4      | Found a staircase to the Ecumenical Temple.
  3328 | Temple   | Entered the Ecumenical Temple
  3459 | Temple   | Became a worshipper of Warmaster Okawaru
  3553 | D:4      | Reached skill level 7 in Axes
  3939 | D:5      | Entered Level 5 of the Dungeon
  4043 | D:5      | Reached skill level 6 in Armour
  4047 | D:5      | Found a hide-covered altar of Uskayaw.
  4084 | D:5      | Reached skill level 6 in Fighting
  4956 | D:6      | Reached skill level 8 in Axes
  5008 | D:6      | Reached XP level 8. HP: 59/71 MP: 7/7
  5038 | D:6      | Reached * piety under Okawaru
  5123 | D:6      | Found a glowing drain.
  5132 | Sewer    | Entered a sewer
  5559 | Sewer    | Got a pair of heavily runed gloves
  5705 | Sewer    | Identified the +2 pair of gloves of the Ban {rF+ rC+ Slay+2 SInv} (You found it in a sewer)
  5819 | D:6      | Found Bazimy's Weapon Emporium.
  5827 | D:6      | Found an opulent altar of Gozag.
  5902 | D:6      | Found a blossoming altar of Fedhas.
  5926 | D:6      | Reached skill level 7 in Fighting
  5926 | D:6      | Reached skill level 7 in Armour
  5995 | D:6      | Reached skill level 9 in Axes
  5995 | D:6      | Reached skill level 4 in Shields
  6901 | D:7      | Reached ** piety under Okawaru
  6901 | D:7      | Reached skill level 8 in Fighting
  6901 | D:7      | Reached skill level 8 in Armour
  7047 | D:7      | Reached XP level 9. HP: 50/81 MP: 8/8
  7053 | D:7      | Noticed Pikel
  7066 | D:7      | Killed Pikel
  7066 | D:7      | Reached skill level 10 in Axes
  7442 | D:7      | Found a snail-covered altar of Cheibriados.
  7606 | D:8      | Found Tomecs's Weapon Boutique.
  7635 | D:8      | Reached skill level 9 in Fighting
  7638 | D:8      | Reached skill level 9 in Armour
  7657 | D:8      | Reached *** piety under Okawaru
  7771 | D:8      | Noticed a deep elf mage
  7782 | D:8      | Killed a deep elf mage
  7787 | D:8      | HP: 20/85 [burnt (4)]
  7794 | D:8      | Reached skill level 11 in Axes
  7810 | D:8      | Reached skill level 10 in Fighting
  7810 | D:8      | Reached skill level 10 in Armour
  7810 | D:8      | Reached XP level 10. HP: 28/93 MP: 9/9
  7810 | D:8      | HP: 23/93 [acid (5)]
  8338 | D:8      | Reached **** piety under Okawaru
  8433 | D:8      | Found a viscous altar of Jiyva.
  8707 | D:8      | Noticed a two-headed ogre
  8715 | D:8      | Killed a two-headed ogre
  9061 | D:9      | Reached skill level 11 in Fighting
  9061 | D:9      | Reached skill level 12 in Axes
  9061 | D:9      | Reached skill level 11 in Armour
  9105 | D:9      | Noticed a two-headed ogre
  9112 | D:9      | Killed a two-headed ogre
  9112 | D:9      | Reached ***** piety under Okawaru
  9119 | D:9      | Found a staircase to the Lair.
  9271 | D:9      | Noticed Psyche
  9278 | D:9      | Killed Psyche
  9278 | D:9      | Reached skill level 1 in Invocations
  9282 | D:9      | Reached XP level 11. HP: 60/102 MP: 10/10
  9395 | D:9      | Noticed a great orb of eyes
  9396 | D:9      | Paralysed by a great orb of eyes for 2 turns
  9402 | D:9      | Killed a great orb of eyes
  9402 | D:9      | Reached skill level 2 in Invocations
 10023 | D:10     | Entered Level 10 of the Dungeon
 10041 | D:10     | Received a gift from Okawaru
 10045 | D:10     | Got a pair of ancient gloves {god gift}
 10073 | D:10     | Reached skill level 3 in Invocations
 10082 | D:10     | Reached skill level 12 in Fighting
 10082 | D:10     | Reached skill level 12 in Armour
 10191 | D:10     | Reached skill level 13 in Axes
 10236 | D:10     | Found a staircase to the Orcish Mines.
 10507 | D:10     | Found Elaprif's Antique Weapon Emporium.
 10893 | D:10     | Identified the +2 pair of gloves of the Gloaming {rC++} (Okawaru gifted it to you on level 10 of the Dungeon)
 10908 | D:11     | Noticed Dioder's ghost (journeyman SpCj)
 10928 | D:11     | HP: 23/104 [Dioder's ghost/orb of energy (20)]
 10929 | D:11     | HP: 6/104 [Dioder's ghost (17)]
 10930 | D:11     | Mangled by Dioder's ghost

Skill      XL: |  1  2  3  4  5  6  7  8  9 10 11 |
---------------+----------------------------------+-----
Axes           | 3 4 6 8 9 11 12 13 | 13.1
Fighting       | 4 5 6 8 10 11 12 | 12.2
Armour         | 4 5 6 8 10 11 12 | 12.2
Shields        | 4 |  4.0
Invocations    | 1 3 |  3.7

Action                   |  1- 3 |  4- 6 |  7- 9 | 10-12 || total
-------------------------+-------+-------+-------+-------++-------
Melee: War axe           |   433 |   101 |   353 |    89 ||   976
       Headbutt          |   134 |    16 |    56 |    57 ||   263
       Battleaxe         |       |       |       |   199 ||   199
Invok: Heroism           |       |       |       |     5 ||     5
  Use: Scroll            |       |       |    14 |     6 ||    20
       Potion            |       |       |     3 |       ||     3
  Eat: Ration            |     1 |       |     1 |       ||     2
       Chunk             |       |     5 |    14 |    11 ||    30
Armor: Scale mail        |    47 |    56 |    26 |       ||   129
       Plate armour      |       |       |   228 |   244 ||   472
Dodge: Dodged            |    35 |    22 |   104 |   110 ||   271
Block: Shield            |    55 |    66 |    26 |       ||   147
       Buckler           |       |       |    28 |    15 ||    43

Vault maps used:
D:1:      minmay_arrival_cross, minivault_26, lexackson_kobold_supper
D:2:      cheibrodos_helix_gallery, led_sif_pool, lemuel_coloured_pillars_altar,
          minmay_hexomino_u4, uniq_robin
D:3:      lemuel_upstairs_altar, xom_teletrap_fun, uniq_grinder
D:4:      minmay_temple_entry_butterflies, first_ration, nrook_loot_triangle,
          grunt_ministairs_15, grunt_qazlal_sundering, uniq_pikel
D:5:      eat_drink_and_be_merry_uskayaw, grunt_decor_resistance,
          serial_park_tiny_pond, kennysheep_big_empty_room
D:6:      kennysheep_little_box, serial_shops, shop, gup_sewer_entry_bubbles,
          minmay_misc_feat_room, supply_closet_lemuel, fedhas_altar_2
D:7:      marbit_many_paths
D:8:      serial_shops, nicolae_shop_behind_doors,
          hangedman_little_slice_of_home, nicolae_two_hexagons,
          minmay_pinched_square
D:9:      lair_entry_dummy, kennysheep_just_a_vault, uniq_psyche
D:10:     zombieorc1_lemuel, serial_shops, kennysheep_mini_moat
D:11:     cheibrodos_magma_flow, basic_altar, minmay_misc_feat_encased,
          hangedman_abyss_or_decor_slice
Temple:   regret_index_temple_sphere_string
Sewer:    sewer_fruit_machine

Table legend:
 A = Turns spent in this place as a percentage of turns spent in the entire game.
 B = Non-inter-level travel turns spent in this place as a percentage of non-inter-level travel turns spent in the entire game.
 C = Inter-level travel turns spent in this place as a percentage of turns spent in this place.
 D = Turns resting spent in this place as a percentage of non-inter-level travel turns spent in this place.
 E = Turns spent auto-exploring this place as a percentage of non-inter-level travel turns spent in this place.
 F = Non-inter-level travel turns spent in this place divided by the number of levels of this place that you've seen.
                   A       B       C       D       E      F
               +-------+-------+-------+-------+-------+----------------------
         Total | 100.0 | 100.0 |   4.1 |  15.7 |  61.5 | 806.3
       Dungeon |  93.0 |  92.8 |   4.3 |  16.9 |  61.2 | 884.4
        Temple |   1.4 |   1.4 |   4.5 |   0.0 |  81.9 | 149.0
         Sewer |   5.5 |   5.8 |   0.0 |   0.0 |  60.3 | 605.0
               +-------+-------+-------+-------+-------+----------------------

Table legend:
 A = Kills in this place as a percentage of kills in entire the game.
 B = Kills by you in this place as a percentage of kills by you in the entire game.
 C = Kills by friends in this place as a percentage of kills by friends in the entire game.
 D = Other kills in this place as a percentage of other kills in the entire game.
 E = Experience gained in this place as a percentage of experience gained in the entire game.
 F = Experience gained in this place divided by the number of levels of this place that you have seen.
                   A       B       C       D       E      F
               +-------+-------+-------+-------+-------+----------------------
         Total | 100.0 | 100.0 |   N/A |   N/A | 100.0 | 1277.2
       Dungeon |  93.3 |  93.3 |   N/A |   N/A |  99.6 | 1503.1
         Sewer |   6.7 |   6.7 |   N/A |   N/A |   0.4 |  69.0
               +-------+-------+-------+-------+-------+----------------------
